 Dungeon Crawl Stone Soup version 0.27-a0-1559-g299f9947c5 (webtiles) character file.

Game seed: 7625611005358210232

11857 HAL9000 the Covert (level 11, -2/54 HPs)
             Began as a Vine Stalker Brigand on July 16, 2021.
             Was a Believer of Dithmenos.
             Asphyxiated
             ... on level 11 of the Dungeon.
             The game lasted 00:21:57 (11014 turns).

HAL9000 the Covert (Vine Stalker Brigand)          Turns: 11014, Time: 00:21:58

Health: -2/54      AC: 14    Str: 14    XL:     11   Next: 84%
Magic:  0/12       EV: 15    Int: 13    God:    Dithmenos [**....]
Gold:   516        SH:  5    Dex: 17    Spells: 7/10 levels left

rFire    . . .     SeeInvis .   a - +2 dagger (freeze)
rCold    . . .     Faith    .   g - +0 buckler
rNeg     . . .     Spirit   +   w - +0 steam dragon scales
rPois    .         Reflect  .   j - +1 hat {Will+}
rElec    .         Harm     .   c - +0 cloak
rCorr    .         Rampage  .   y - +0 pair of gloves
Will     ++...                  l - +0 pair of boots
Stlth    +++++++...             (no amulet)
HPRegen  1.18/turn              e - +4 ring of protection
MPRegen  0.13/turn              s - +4 ring of evasion

@: lethally poisoned (-2 -> -9), slowed, wreathed by umbra, very slow
A: fangs 3, regeneration 1, magic shield, antimagic bite, no potion heal 2
a: Renounce Religion, Shadow Step


You were on level 11 of the Dungeon.
You worshipped Dithmenos.
Dithmenos was pleased with you.
You visited 2 branches of the dungeon, and saw 12 of its levels.

You collected 516 gold pieces.

Inventory:

Hand Weapons
 a - a +2 dagger of freezing (weapon)
 h - a +3 shortbow of flaming
Missiles
 d - 24 poisoned darts (quivered)
 z - 7 boomerangs
 B - a curare-tipped dart
 F - 86 arrows
Armour
 c - a +0 cloak (worn)
 g - a +0 buckler (worn)
 j - a +1 hat of willpower (worn)
 l - a +0 pair of boots (worn)
 o - a +1 robe
 w - +0 steam dragon scales (worn)
 y - a +0 pair of gloves (worn)
Jewellery
 e - a +4 ring of protection (left hand)
 s - a +4 ring of evasion (right hand)
 D - a ring of poison resistance
Wands
 b - a wand of iceblast (8)
 x - a wand of acid (6)
 C - a wand of paralysis (6)
Scrolls
 i - a scroll of magic mapping
 k - 2 scrolls of fear {unknown}
 m - 3 scrolls of enchant weapon
 r - a scroll of summoning {unknown}
 E - a scroll of identify
Potions
 f - a potion of curing
 n - 2 potions of ambrosia
 p - 2 potions of mutation
 t - a potion of degeneration {unknown}
 u - a potion of invisibility {unknown}
 v - 2 potions of haste
 A - a potion of magic {unknown}


   Skills:
 + Level 4.9 Fighting
 + Level 10.1 Short Blades
 - Level 4.1 Throwing
 - Level 3.0 Armour
 - Level 0.7 Dodging
 - Level 13.5 Stealth
 - Level 4.0 Shields
 - Level 6.7 Air Magic


You had 7 spell levels left.
You knew the following spells:

 Your Spells              Type           Power      Damage    Failure   Level
a - Swiftness             Air            17%        N/A       6%          3

Your spell library contained the following spells:

 Spells                   Type           Power      Damage    Failure   Level
 Shock                    Conj/Air       32%        1d5       8%          1
 Airstrike                Air            8%         N/A       21%         4
 Magic Dart               Conj           0%         1d3       30%         1
 Sandblast                Erth           0%         2d4       30%         1
 Fireball                 Conj/Fire      0%         3d3       100%        5
 Iskenderun's Battlesphe  Conj           0%         2d6       100%        5
 Conjure Ball Lightning   Conj/Air       4%         3x3d6     100%        6
 Orb of Destruction       Conj           0%         N/A       100%        7


Dungeon Overview and Level Annotations

Branches:
Dungeon (11/15)            Temple (1/1) D:4            Lair (0/6) D:11
    Orc (0/2) D:9

Altars:
Ashenzari
Cheibriados
Dithmenos
Elyvilon
Fedhas
Gozag
Hepliaklqana
Kikubaaqudgha
Makhleb
Nemelex Xobeh
Okawaru
Qazlal
Ru
Sif Muna
Trog
Uskayaw
Vehumet
Wu Jian
Xom
Yredelemnul
Zin
The Shining One

Shops:
D:1 :

Annotations:
D:11 Sonja


Innate Abilities, Weirdness & Mutations

You have razor-sharp teeth.
Your natural rate of healing is unusually fast.
When hurt, damage is shared between your health and your magic reserves.
Your bite disrupts and absorbs the magic of your enemies.
Potions cannot restore your health.


Message History

You feel as though you will be slow longer.
The troll barely misses you. The troll misses you. The troll barely misses you.
Okay, then.
* * * LOW HITPOINT WARNING * * *
You feel extremely sick.
Sonja hits you with a +0 short sword of distortion.
* * * LOW HITPOINT WARNING * * *
You blink.
Sonja throws a curare-tipped dart.
You block the curare-tipped dart.
Your system rejects the healing.
You feel better.
Sonja mumbles some strange words.
Sonja blinks!
Sonja throws a curare-tipped dart.
The curare-tipped dart hits you.
You are poisoned.
You have difficulty breathing.
* * * LOW HITPOINT WARNING * * *
You feel as though you will be slow longer.
Okay, then.
Your system rejects the healing.
You feel better.
Sonja throws a curare-tipped dart.
The curare-tipped dart barely misses you.
The troll closely misses you. x2; The troll barely misses you.
Unknown command.
Blink to where?
Press: ? - help, Dir - move target
As you read the scroll of blinking, it crumbles to dust.
Sonja throws a curare-tipped dart.
The curare-tipped dart misses you.
Sonja casts a spell.
Sonja blinks!
Sonja throws a curare-tipped dart.
The curare-tipped dart closely misses you.
Sonja throws a curare-tipped dart.
The curare-tipped dart hits you.
You are poisoned.
You have difficulty breathing.
* * * LOW HITPOINT WARNING * * *
You feel as though you will be slow longer.
You feel very sick.
Sonja throws a curare-tipped dart.
The curare-tipped dart hits you.
You are lethally poisoned!
You have difficulty breathing.
You die...

#............##....###
#..
.......#.....).....##
#..
##.........)).###..#
#.. #..#......#).# #.#
#.. #........##..#
#..## .#
#..##.#).##..##....#
#..# #>#..#).K....#
#..# #.#†.#.##..###
... ##.#..@####.#
...###......###..##
.................##
###......#####.T.##
##..#..# ##...§.##
##.#.## #.......#
#...# ##.......##
#...###.......§.#
#..##............##


You could see Sonja.

Vanquished Creatures
  Gastronok (D:9)
  A hydra (D:7)
  A two-headed ogre (D:8)
  A deep elf pyromancer (D:7)
  A kobold demonologist (D:9)
  A troll (D:7)
  Grinder (D:6)
  A hornet (D:8)
  3 wraiths
  16 yaks (D:10)
  A steam dragon (D:6)
  Menkaure (D:5)
  2 wargs (D:11)
  An acid dragon (D:11)
  A water moccasin (D:9)
  6 orc warriors
  A hornet zombie (D:7)
  2 sky beasts
  A necrophage (D:5)
  3 ogres
  3 centaurs
  2 phantoms
  Blork the orc (D:4)
  A kobold brigand (D:7)
  3 scorpions
  5 bullfrogs
  18 killer bees
  A wight (D:7)
  3 howler monkeys (D:10)
  A centaur zombie (D:7)
  Crazy Yiuf (D:6)
  A bullfrog zombie (D:7)
  A hound (D:6)
  5 orc priests
  A bullfrog skeleton (D:7)
  2 jellies
  3 centaur skeletons
  4 iguanas
  14 orc wizards
  Terence (D:2)
  3 killer bee zombies
  A hound skeleton (D:4)
  A howler monkey zombie (D:8)
  8 adders
  An ufetubus (D:5)
  An adder skeleton (D:4)
  3 worms (D:3)
  A dart slug (D:3)
  38 orcs
  7 ball pythons
  5 endoplasms
  2 giant cockroaches
  9 goblins
  7 hobgoblins
  12 jackals
  4 quokkas
  5 bats
  A frilled lizard (D:3)
  5 kobolds
  A quokka skeleton (D:4)
  6 rats
238 creatures vanquished.

Vanquished Creatures (others)
  A white imp (D:6)
  4 plants (D:9)
5 creatures vanquished.

Grand Total: 243 creatures vanquished

Notes
Turn   | Place    | Note
-------+----------+-------------------------------------------
     0 | D:1      | HAL9000 the Vine Stalker Brigand began the quest for the
                  | Orb.
     0 | D:1      | Reached XP level 1. HP: 11/11 MP: 2/2
   200 | D:1      | Reached XP level 2. HP: 15/15 MP: 3/3
   314 | D:1      | Found a faded altar of an unknown god.
   324 | D:1      | Got Plato's Volume of the Mountains
   725 | D:1      | Found Polumeic's Book Boutique.
   898 | D:2      | Reached XP level 3. HP: 13/18 MP: 2/4
  1196 | D:2      | Noticed Terence
  1239 | D:2      | Killed Terence
  1240 | D:2      | Gained mutation: Your natural rate of healing is unusually
                  | fast. [Vine Stalker growth]
  1240 | D:2      | Reached XP level 4. HP: 1/21 MP: 3/5
  1241 | D:2      | HP: 1/21 [jackal (1)]
  1733 | D:3      | Reached skill level 5 in Stealth
  1772 | D:3      | Reached XP level 5. HP: 26/26 MP: 6/6
  1794 | D:3      | Reached skill level 6 in Stealth
  1878 | D:3      | Found a stormy altar of Qazlal.
  2395 | D:4      | Found a staircase to the Ecumenical Temple.
  2500 | D:4      | Noticed Blork the orc
  2503 | D:4      | Killed Blork the orc
  2504 | D:4      | Reached XP level 6. HP: 30/30 MP: 7/7
  2773 | Temple   | Entered the Ecumenical Temple
  3239 | D:4      | Found a sparkling altar of Nemelex Xobeh.
  3239 | D:4      | Found a hide-covered altar of Uskayaw.
  3372 | D:5      | Entered Level 5 of the Dungeon
  3402 | D:5      | Noticed Menkaure
  3416 | D:5      | Killed Menkaure
  3417 | D:5      | Reached skill level 5 in Short Blades
  3417 | D:5      | Reached XP level 7. HP: 34/34 MP: 5/8
  4417 | D:5      | Gained mutation: You have razor-sharp teeth. [Vine Stalker
                  | growth]
  4417 | D:5      | Reached XP level 8. HP: 39/39 MP: 9/9
  4537 | D:6      | Noticed Grinder
  4538 | D:6      | Paralysed by Grinder for 6 turns
  4579 | D:6      | Reached skill level 1 in Shields
  4728 | D:6      | Killed Grinder
  4788 | D:6      | Found a runed translucent door.
  4789 | D:6      | Noticed Crazy Yiuf
  5130 | D:6      | Killed Crazy Yiuf
  5304 | D:6      | Reached skill level 7 in Stealth
  5574 | D:6      | Reached XP level 9. HP: 34/43 MP: 7/10
  5579 | D:6      | Reached skill level 8 in Stealth
  5651 | D:7      | Reached skill level 9 in Stealth
  5904 | D:7      | Noticed a troll
  5904 | D:7      | Noticed a cyclops
  5904 | D:7      | Noticed a deep elf pyromancer
  5960 | D:7      | Reached skill level 10 in Stealth
  6350 | D:7      | Noticed a troll
  6439 | D:7      | Reached skill level 11 in Stealth
  6592 | D:7      | Killed a troll
  6849 | D:7      | Killed a deep elf pyromancer
  6850 | D:7      | Reached XP level 10. HP: 49/49 MP: 11/11
  7035 | D:7      | Noticed an eight-headed hydra
  7037 | D:7      | Killed an eight-headed hydra
  7114 | D:7      | Found a glowing silver altar of Zin.
  7151 | D:8      | Found a radiant altar of Vehumet.
  7193 | D:8      | Got Vehumet's Volume of Combat Magic
  7202 | D:8      | Found an ancient bone altar of Kikubaaqudgha.
  7221 | D:8      | Found a shimmering blue altar of Sif Muna.
  7357 | D:8      | Noticed a two-headed ogre
  7402 | D:8      | Found a basalt altar of Yredelemnul.
  7423 | D:8      | Found a shimmering altar of Xom.
  7538 | D:8      | Found a shadowy altar of Dithmenos.
  7574 | D:8      | Became a worshipper of Dithmenos the Shadowed
  7704 | D:8      | Killed a two-headed ogre
  7705 | D:8      | Reached skill level 12 in Stealth
  7765 | D:8      | Found an iron altar of Okawaru.
  8508 | D:9      | Reached skill level 13 in Stealth
  8683 | D:9      | Found a staircase to the Orcish Mines.
  8810 | D:9      | Learned a level 3 spell: Swiftness
  8875 | D:9      | Reached skill level 1 in Air Magic
  9040 | D:9      | Found a blossoming altar of Fedhas.
  9052 | D:9      | Noticed a kobold demonologist
  9059 | D:9      | Killed a kobold demonologist
  9059 | D:9      | Reached * piety under Dithmenos
  9060 | D:9      | Reached XP level 11. HP: 53/53 MP: 12/12
  9161 | D:9      | Found an opulent altar of Gozag.
  9308 | D:9      | Noticed Gastronok
  9363 | D:9      | Killed Gastronok
  9706 | D:10     | Entered Level 10 of the Dungeon
 10199 | D:10     | Reached ** piety under Dithmenos
 10728 | D:11     | Reached skill level 10 in Short Blades
 10902 | D:11     | Found a staircase to the Lair.
 10969 | D:11     | Noticed Sonja
 11007 | D:11     | HP: 1/54 [asphyx]
 11014 | D:11     | Asphyxiated

Illustrated notes

Levels and vault maps discovered:
D:1:      lemuel_arrival_hallway, layout_basic,
          shapermc_ecumenical_altar_rom_forum, serial_shops,
          nicolae_shop_temple_entry_statues_fountains
D:2:      layout_basic, palyth_stone_intersect, minmay_3d_cube, uniq_terence
D:3:      layout_rooms, mainiacjoe_overflow_boulevard, fountainhead
D:4:      layout_basic, gammafunk_temple_overflow_pools, temple_fountains,
          serial_rivers, chequers_serial_rivers_large_a,
          chequers_serial_rivers_micro_d, chequers_serial_rivers_micro_d,
          chequers_serial_rivers_micro_a, chequers_serial_rivers_room_b,
          chequers_serial_rivers_micro_a, uniq_blork_the_orc
D:5:      layout_basic, uniq_menkaure
D:6:      layout_loops_ring, uniq_grinder, uniq_crazy_yiuf_cottage
D:7:      minmay_the_grid_plus [minmay_the_grid_fan, minmay_the_grid_expand,
          minmay_the_grid_minigrid_large, minmay_the_grid_x,
          minmay_the_grid_prize_big_room], layout_gridville, zin_treasury
D:8:      layout_loops_ring, palyth_temple_overflow_mages,
          yredelemnul_altar_generic, kennysheep_okawaru_gauntlet,
          nicolae_dithmenos_through_a_glass_darkly,
          mainiacjoe_overflow_concentric_impassable
D:9:      layout_small_grid, grunt_gozag_breadcrumbs, fedhas_ov_isle_minmay,
          erik_orc_3, uniq_gastronok
D:10:     layout_roguey, kennysheep_cluttered_room, lemuel_old_faithful
D:11:     layout_layer_cave, erik_lair_orcish_takeover, hex_large, uniq_sonja
Temple:   compressed_dpeg_triangle_lava_temple

Skill      XL: |  1  2  3  4  5  6  7  8  9 10 11 |
---------------+----------------------------------+-----
Throwing       | 2 3 4 |  4.1
Stealth        | 5 6 7 11 13 | 13.5
Short Blades   | 3 5 6 7 8 10 | 10.1
Fighting       | 2 3 4 |  4.9
Shields        | 4 |  4.0
Armour         | 3 |  3.0
Air Magic      | 3 6 |  6.7
Dodging        | |  0.7

Action                   |  1- 3 |  4- 6 |  7- 9 | 10-12 || total
-------------------------+-------+-------+-------+-------++-------
Melee: Dagger            |    94 |   161 |   484 |   570 ||  1309
       Bite              |    28 |    45 |   165 |   182 ||   420
Throw: Dart              |     7 |     2 |    25 |    77 ||   111
Evoke: Wand              |       |       |    10 |     2 ||    12
  Use: Scroll            |       |     5 |     3 |     9 ||    17
       Potion            |       |     1 |       |     3 ||     4
 Stab: Sleeping          |     5 |    18 |     7 |    17 ||    47
       Distracted        |       |       |       |     1 ||     1
Armor: Robe              |    24 |    43 |    41 |       ||   108
       Skin              |       |     2 |       |       ||     2
       Steam dragon scal |       |       |    81 |   108 ||   189
Dodge: Dodged            |    53 |    46 |   136 |   217 ||   452
Block: Buckler           |       |       |    58 |    94 ||   152

Table legend: (Time is in decaauts)
 A = Elapsed time spent in this place.
 B = Non-inter-level travel time spent in this place.
 C = Inter-level travel time spent in this place.
 D = Time resting spent in this place.
 E = Time spent auto-exploring this place.
 F = Levels seen in this place.
 G = Mean time per level.
                   A        B        C        D        E       F      G
               +--------+--------+--------+--------+--------+-----+--------+
         Total |  10379 |   9824 |    555 |    864 |   6570 |  12 |  864.9 |
       Dungeon |  10089 |   9553 |    536 |    864 |   6302 |  11 |  917.2 |
        Temple |    289 |    270 |     19 |      0 |    268 |   1 |  289.0 |
               +--------+--------+--------+--------+--------+-----+--------+

Top non-repeatable levels by time:
     D:7: 1455 daAuts
     D:8: 1197 daAuts
     D:9: 1181 daAuts
     D:5: 1047 daAuts
     D:6: 970 daAuts
     D:4: 904 daAuts
     D:1: 848 daAuts
    D:10: 764 daAuts
     D:2: 729 daAuts
     D:3: 581 daAuts
    D:11: 410 daAuts
  Temple: 289 daAuts
